 Dungeon Crawl Stone Soup version 0.18.1-8-gdd0e5ea (webtiles) character file.

84 RudyRod the Firebug (level 4, 0/36 HPs)
             Began as a Naga Fire Elementalist on June 9, 2016.
             Slain by a gnoll
             ... wielding a +0 spear
              (3 damage)
             ... on level 2 of the Dungeon.
             The game lasted 00:10:39 (2092 turns).

RudyRod the Firebug (Naga Fire Elementalist)        Turns: 2092, Time: 00:10:40

Health: 0/36       AC:  4    Str: 10    XL:     4   Next: 46%
Magic:  5/8        EV: 10    Int: 17    God:
Gold:   137        SH:  0    Dex: 11    Spells: 1 memorised, 7 levels left

rFire  . . .     SeeInvis +     u - +0 spear
rCold  + . .     Gourm    .     r - +0 robe
rNeg   . . .     Faith    .     (no shield)
rPois  +         Spirit   .     (no helmet)
rElec  .         Dismiss  .     n - +0 cloak
rCorr  .         Reflect  .     l - +0 pair of gloves
SustAt .         Harm     .     (no barding)
MR     .....                    (no amulet)
Stlth  +++.......               (no ring)
                                q - ring of protection from cold

@: very slow, not resistant to hostile enchantments, fairly stealthy
A: see invisible, deformed body, poison resistance, slowness 2, slow metabolism
1, spit poison 2, AC +1
a: Spit Poison


You were on level 2 of the Dungeon.
You were hungry.

You visited 1 branch of the dungeon, and saw 2 of its levels.

You collected 137 gold pieces.

Inventory:

Hand Weapons
 h - a +0 club
 u - a +0 spear (weapon)
Armour
 a - a +0 robe
 l - a +0 pair of gloves (worn)
 n - a +0 cloak (worn)
 r - a +0 robe (worn)
Jewellery
 q - a ring of protection from cold (left hand)
Scrolls
 g - a scroll of identify
 p - 2 scrolls of blinking {unknown}
 s - a scroll of enchant armour {unknown}
Potions
 e - a potion of curing {unknown}
 j - a potion of heal wounds {unknown}
 m - a potion of brilliance
Books
 b - a book of Flames

   Spells                             Type                      Level
   a - Flame Tongue                   Conjuration/Fire             1
   b - Throw Flame                    Conjuration/Fire             2
   c - Conjure Flame                  Conjuration/Fire             3
   d - Inner Flame                    Hexes/Fire                   3
   e - Sticky Flame                   Conjuration/Fire             4
   f - Fireball                       Conjuration/Fire             5
Comestibles
 c - a bread ration
 f - 6 chunks of flesh
 t - 2 fruits


   Skills:
 + Level 1.7 Dodging
 + Level 3.7 Stealth
 + Level 2.7 Spellcasting
 + Level 2.0 Conjurations
 * Level 3.8 Fire Magic


You had 7 spell levels left.
You knew the following spells:

 Your Spells              Type           Power        Failure   Level  Hunger
a - Flame Tongue          Conj/Fire      ##...        6%          1    #......


Dungeon Overview and Level Annotations

Branches:
Dungeon (2/15)

Altars:


Innate Abilities, Weirdness & Mutations

You cannot wear boots.
Your serpentine skin is tough (AC +1).
You have supernaturally acute eyesight.
Armour fits poorly on your strangely shaped body.
Your system is resistant to poisons.
You cover ground very slowly.
You have a slow metabolism.
You can spit poison.


Message History

Aim: a gnoll, wielding a club (almost dead)
The flame tongue hits the gnoll.
You kill the gnoll!
Your Conjurations skill increases to level 2!
The gnoll closely misses you.
The gnoll hits you from afar with a spear.
The gnoll hits you but does no damage. The gnoll closely misses you.
The gnoll hits you but does no damage. The gnoll barely misses you.
The gnoll closely misses you.
You are feeling hungry.
The gnoll hits you from afar with a spear.
The gnoll hits you from afar with a spear!
* * * LOW HITPOINT WARNING * * *
The gnoll hits you from afar with a spear!
* * * LOW HITPOINT WARNING * * *
The gnoll hits you but does no damage.
The gnoll hits you from afar with a spear.
You die...

#.# #....... #.#
######## #.# # #.#
#.### #.#
####.#.###<#
#.....#....#
###..#.#####
#..#@# #..#.#
#..#g#####.
#g.g........
#######
#.##########
#.g.g.. ##.##
#.#####
#.g.############.#
#...g............#
#...##############


You could see 2 gnolls.

Vanquished Creatures
  2 gnolls (D:2)
  An adder (D:2)
  3 worms (D:2)
  4 dart slugs
  3 giant geckos (D:2)
  A giant cockroach (D:2)
  5 goblins
  5 hobgoblins
  A jackal (D:2)
  4 kobolds
  A quokka (D:2)
  5 bats
  2 giant newts (D:1)
  2 rats (D:1)
39 creatures vanquished.

Notes
Turn   | Place    | Note
--------------------------------------------------------------
     0 | D:1      | RudyRod the Naga Fire Elementalist began the quest for the Orb.
     0 | D:1      | Reached XP level 1. HP: 15/15 MP: 3/3
   141 | D:1      | Reached XP level 2. HP: 14/22 MP: 0/5
  1347 | D:2      | Reached XP level 3. HP: 28/28 MP: 4/6
  1963 | D:2      | Reached XP level 4. HP: 32/36 MP: 5/7
  2092 | D:2      | Slain by a gnoll

Skill      XL: |  1  2  3  4 |
---------------+-------------+-----
Conjurations   | 2 |  2.0
Dodging        | |  1.7
Stealth        | |  3.7
Spellcasting   | |  2.7
Fire Magic     | |  3.8

Action                   |  1- 3 |  4- 6 || total
-------------------------+-------+-------++-------
Melee: Club              |    23 |       ||    23
       Spear             |       |     3 ||     3
 Cast: Flame Tongue      |    58 |    14 ||    72
 Abil: Spit Poison       |     1 |       ||     1
  Use: Scroll            |     1 |     5 ||     6
 Stab: Sleeping          |     8 |       ||     8
  Eat: Chunk             |     3 |       ||     3
Armor: Robe              |    11 |     5 ||    16
Dodge: Dodged            |    39 |    11 ||    50
